General information
- name: BNet
- type: Ladder team game (AT/RT)
- host: Battle.net
- saver: OBAMA-BEST-PRES
map: Deadlands
- players: 8
- length: 20:42
- speed: Fast
- version: 1.26 W3XP
- replay type: Public
» download(168 KB)
Players
team 1 (winner)

»
st1mul (
blue | 61 APM | 1261 actions | 20:41)
5 Blademaster
3 Critical Strike
2 Wind Walk
3 Tauren Chieftain
2 Endurance Aura
1 War Stomp
» actions
| Assign group hotkey | 84 | |
| Basic commands | 112 | |
| Build / train | 60 | |
| Enter build submenu | 12 | |
| Enter hero's abilities submenu | 8 | |
| Give item / drop item | 5 | |
| Right click | 477 | |
| Select / deselect | 227 | |
| Select group hotkey | 162 | |
| Use ability | 114 | |
1261 total
» units
» upgrades
| Armor | 3 | |
| Reinforced Defenses | 1 | |
| Pulverize | 1 | |
| Melee Weapons | 3 | |
8 total
» buildings
| Altar of Storms | 1 | |
| Orc Burrow | 7 | |
| Stronghold | 1 | |
| Voodoo Lounge | 1 | |
| War Mill | 1 | |
| Fortress | 2 | |
| Tauren Totem | 2 | |
15 total
» build order
00:08 Altar of Storms
00:10 Orc Burrow
01:16 Orc Burrow
02:40 Stronghold
02:47 Voodoo Lounge
02:54 War Mill
03:22 Orc Burrow
04:21 Orc Burrow
05:14 Fortress
05:15 Fortress
05:30 Orc Burrow
07:16 Orc Burrow
07:39 Tauren Totem
07:39 Tauren Totem
08:14 Orc Burrow
» items
| Healing Salve | 10 | |
| Orb of Lightning | 1 | |
| Orb of Fire | 1 | |
| Lesser Clarity Potion | 5 | |
| Scroll of Town Portal | 2 | |
| Potion of Lesser Invulnerability | 1 | |
20 total
petit-lutin (
purple | 34 APM | 709 actions | 20:41)
4 Archmage
2 Summon Water Elemental
1 Blizzard
1 Brilliance Aura
3 Paladin
2 Divine Shield
1 Holy Light
» actions
| Build / train | 87 | |
| Enter build submenu | 33 | |
| Enter hero's abilities submenu | 7 | |
| Give item / drop item | 1 | |
| Right click | 233 | |
| Select / deselect | 292 | |
| Use ability | 56 | |
709 total
» units
| Peasant | 29 | |
| Priest | 4 | |
| Gryphon Rider | 2 | |
| Mortar Team | 1 | |
| Siege Engine | 10 | |
46 total
» upgrades
| Masonry | 3 | |
| Lumber Harvesting | 2 | |
| Gunpowder | 3 | |
| Plating | 3 | |
| Barrage | 1 | |
| Storm Hammers | 1 | |
| Priest Training | 2 | |
15 total
» buildings
| Farm | 13 | |
| Lumber Mill | 1 | |
| Altar of Kings | 1 | |
| Keep | 1 | |
| Town Hall | 1 | |
| Scout Tower | 5 | |
| Guard Tower | 5 | |
| Castle | 1 | |
| Arcane Vault | 1 | |
| Blacksmith | 2 | |
| Gryphon Aviary | 1 | |
| Arcane Sanctum | 1 | |
| Workshop | 2 | |
35 total
» build order
00:24 Farm
00:40 Lumber Mill
01:02 Farm
01:22 Altar of Kings
02:19 Farm
03:40 Keep
04:18 Town Hall
04:25 Scout Tower
04:28 Scout Tower
04:31 Scout Tower
04:40 Scout Tower
04:44 Scout Tower
05:20 Guard Tower
05:21 Guard Tower
05:41 Guard Tower
05:43 Guard Tower
06:12 Farm
06:23 Guard Tower
06:45 Castle
06:53 Farm
07:05 Arcane Vault
07:36 Farm
08:02 Blacksmith
08:49 Gryphon Aviary
08:54 Arcane Sanctum
09:01 Farm
09:21 Workshop
09:46 Farm
10:17 Farm
10:21 Workshop
10:31 Farm
11:01 Farm
11:23 Farm
12:02 Farm
12:24 Blacksmith
» items
| Lesser Clarity Potion | 2 | |
| Potion of Healing | 2 | |
| Orb of Fire | 1 | |
| Potion of Mana | 1 | |
| Scroll of Town Portal | 2 | |
| Scroll of Regeneration | 1 | |
9 total

»
GetBack (
teal | 64 APM | 1331 actions | 20:41)
6 Death Knight
3 Death Coil
2 Unholy Aura
1 Animate Dead
4 Lich
2 Frost Nova
2 Frost Armor
» actions
| Assign group hotkey | 26 | |
| Build / train | 52 | |
| ESC pressed | 3 | |
| Enter build submenu | 16 | |
| Enter hero's abilities submenu | 10 | |
| Give item / drop item | 3 | |
| Right click | 544 | |
| Select / deselect | 187 | |
| Select group hotkey | 425 | |
| Use ability | 65 | |
1331 total
» units
| Acolyte | 7 | |
| Ghoul | 3 | |
| Crypt Fiend | 8 | |
| Obsidian Statue | 6 | |
24 total
» upgrades
| Creature Attack | 2 | |
| Burrow | 1 | |
| Web | 1 | |
| Destroyer Form | 1 | |
| Backpack | 1 | |
| Creature Carapace | 2 | |
8 total
» buildings
| Altar of Darkness | 1 | |
| Ziggurat | 7 | |
| Crypt | 1 | |
| Graveyard | 1 | |
| Tomb of Relics | 1 | |
| Nerubian Tower | 1 | |
| Halls of the Dead | 1 | |
| Slaughterhouse | 2 | |
| Black Citadel | 1 | |
| Necropolis | 2 | |
18 total
» build order
00:07 Altar of Darkness
00:08 Ziggurat
00:33 Crypt
00:47 Graveyard
01:01 Tomb of Relics
01:14 Nerubian Tower
01:53 Ziggurat
03:26 Ziggurat
04:58 Halls of the Dead
06:17 Ziggurat
06:18 Ziggurat
07:22 Slaughterhouse
07:23 Slaughterhouse
07:42 Black Citadel
11:28 Ziggurat
12:22 Necropolis
14:54 Ziggurat
20:40 Necropolis
» items
| Rod of Necromancy | 1 | |
| Orb of Corruption | 1 | |
| Scroll of Town Portal | 2 | |
4 total

»
OBAMA-BEST-PRES (
orange | 56 APM | 1152 actions | 20:42)
7 Pit Lord
3 Rain of Fire
3 Howl of Terror
1 Doom
» actions
| Assign group hotkey | 34 | |
| Basic commands | 4 | |
| Build / train | 60 | |
| Enter build submenu | 22 | |
| Enter hero's abilities submenu | 7 | |
| Give item / drop item | 5 | |
| Right click | 439 | |
| Select / deselect | 205 | |
| Select group hotkey | 310 | |
| Use ability | 66 | |
1152 total
» units
| Acolyte | 9 | |
| Ghoul | 4 | |
| Frost Wyrm | 8 | |
| Goblin Shredder | 1 | |
22 total
» upgrades
| Creature Attack | 3 | |
| Freezing Breath | 1 | |
| Creature Carapace | 1 | |
5 total
» buildings
| Crypt | 1 | |
| Ziggurat | 14 | |
| Altar of Darkness | 1 | |
| Graveyard | 3 | |
| Halls of the Dead | 2 | |
| Tomb of Relics | 2 | |
| Nerubian Tower | 4 | |
| Spirit Tower | 11 | |
| Sacrificial Pit | 1 | |
| Black Citadel | 1 | |
| Necropolis | 1 | |
| Boneyard | 3 | |
44 total
» build order
00:22 Crypt
00:24 Ziggurat
00:48 Altar of Darkness
01:11 Graveyard
02:15 Ziggurat
02:46 Halls of the Dead
02:46 Halls of the Dead
02:53 Tomb of Relics
03:08 Nerubian Tower
03:13 Ziggurat
03:34 Spirit Tower
03:49 Ziggurat
04:47 Spirit Tower
05:09 Spirit Tower
05:19 Sacrificial Pit
05:38 Black Citadel
06:16 Necropolis
07:57 Ziggurat
07:59 Ziggurat
08:01 Ziggurat
08:02 Ziggurat
08:40 Boneyard
08:50 Spirit Tower
08:53 Spirit Tower
09:01 Spirit Tower
09:01 Spirit Tower
09:18 Spirit Tower
10:15 Boneyard
10:19 Ziggurat
10:20 Ziggurat
10:24 Ziggurat
10:27 Ziggurat
11:18 Spirit Tower
11:20 Nerubian Tower
12:40 Ziggurat
12:41 Ziggurat
14:07 Graveyard
14:13 Boneyard
14:27 Graveyard
15:00 Nerubian Tower
15:01 Nerubian Tower
16:10 Tomb of Relics
» items
| Rod of Necromancy | 1 | |
| Staff of Teleportation | 1 | |
| Potion of Invisibility | 1 | |
| Potion of Lesser Invulnerability | 1 | |
| Orb of Corruption | 1 | |
| Potion of Healing | 1 | |
| Scroll of Town Portal | 1 | |
7 total
team 2 (loser)
Feuer96 (
red | 66 APM | 1358 actions | 20:40)
4 Mountain King
2 Storm Bolt
2 Bash
2 Naga Sea Witch
1 Frost Arrows
1 Mana Shield
» actions
| Assign group hotkey | 16 | |
| Basic commands | 27 | |
| Build / train | 78 | |
| Enter build submenu | 28 | |
| Enter hero's abilities submenu | 6 | |
| Give item / drop item | 4 | |
| Right click | 470 | |
| Select / deselect | 571 | |
| Select group hotkey | 82 | |
| Use ability | 76 | |
1358 total
» units
| Peasant | 13 | |
| Footman | 10 | |
| Rifleman | 4 | |
| Siege Engine | 5 | |
| Priest | 3 | |
| Sorceress | 2 | |
| Knight | 2 | |
| Spell Breaker | 2 | |
| Goblin Shredder | 1 | |
42 total
» upgrades
| Defend | 1 | |
| Masonry | 1 | |
| Lumber Harvesting | 2 | |
| Long Rifles | 1 | |
| Swords | 2 | |
| Plating | 1 | |
| Barrage | 1 | |
| Animal War Training | 1 | |
| Gunpowder | 1 | |
| Sorceress Training | 1 | |
12 total
» buildings
| Altar of Kings | 1 | |
| Barracks | 2 | |
| Farm | 13 | |
| Scout Tower | 4 | |
| Arcane Tower | 2 | |
| Arcane Vault | 2 | |
| Lumber Mill | 1 | |
| Town Hall | 2 | |
| Keep | 1 | |
| Guard Tower | 1 | |
| Blacksmith | 1 | |
| Castle | 1 | |
| Arcane Sanctum | 2 | |
| Workshop | 1 | |
34 total
» build order
00:11 Altar of Kings
00:17 Barracks
00:23 Farm
01:01 Farm
01:35 Scout Tower
02:00 Farm
02:07 Arcane Tower
02:30 Farm
02:36 Arcane Vault
03:27 Farm
03:30 Lumber Mill
05:23 Town Hall
05:27 Scout Tower
05:28 Scout Tower
05:29 Scout Tower
05:39 Keep
06:27 Arcane Tower
06:30 Guard Tower
07:11 Blacksmith
07:13 Barracks
07:15 Farm
07:15 Farm
07:17 Farm
08:42 Arcane Vault
09:43 Castle
10:19 Arcane Sanctum
10:53 Workshop
11:30 Arcane Sanctum
12:53 Farm
12:56 Farm
12:57 Farm
12:57 Farm
16:58 Farm
20:09 Town Hall
» items
| Scroll of Regeneration | 6 | |
| Lesser Clarity Potion | 1 | |
| Scroll of Healing | 1 | |
| Potion of Mana | 1 | |
| Orb of Fire | 1 | |
| Scroll of Town Portal | 1 | |
11 total

»
D2- (
pink | 148 APM | 3025 actions | 20:25)
4 Death Knight
2 Death Coil
2 Unholy Aura
1 Lich
1 Frost Nova
2 Dreadlord
1 Vampiric Aura
1 Carrion Swarm
» actions
| Assign group hotkey | 126 | |
| Basic commands | 265 | |
| Build / train | 108 | |
| ESC pressed | 1 | |
| Enter build submenu | 21 | |
| Enter hero's abilities submenu | 7 | |
| Give item / drop item | 4 | |
| Right click | 819 | |
| Select / deselect | 335 | |
| Select group hotkey | 1225 | |
| Use ability | 114 | |
3025 total
» units
| Acolyte | 10 | |
| Ghoul | 4 | |
| Crypt Fiend | 10 | |
| Gargoyle | 9 | |
| Frost Wyrm | 12 | |
45 total
» upgrades
| Creature Attack | 3 | |
| Creature Carapace | 2 | |
| Web | 1 | |
6 total
» buildings
| Graveyard | 1 | |
| Crypt | 1 | |
| Altar of Darkness | 1 | |
| Ziggurat | 9 | |
| Tomb of Relics | 1 | |
| Necropolis | 1 | |
| Halls of the Dead | 4 | |
| Nerubian Tower | 3 | |
| Spirit Tower | 10 | |
| Black Citadel | 5 | |
| Sacrificial Pit | 1 | |
| Boneyard | 3 | |
40 total
» build order
00:07 Graveyard
00:07 Crypt
00:39 Altar of Darkness
00:48 Ziggurat
01:12 Tomb of Relics
01:51 Ziggurat
03:49 Ziggurat
04:04 Necropolis
04:42 Halls of the Dead
04:42 Halls of the Dead
05:11 Ziggurat
05:12 Ziggurat
05:15 Ziggurat
06:06 Ziggurat
06:21 Nerubian Tower
06:21 Nerubian Tower
06:22 Nerubian Tower
06:23 Spirit Tower
06:23 Spirit Tower
06:24 Spirit Tower
06:37 Ziggurat
07:11 Black Citadel
07:11 Black Citadel
07:26 Spirit Tower
07:26 Spirit Tower
07:48 Sacrificial Pit
07:59 Spirit Tower
07:59 Spirit Tower
10:07 Boneyard
10:08 Boneyard
10:09 Boneyard
10:46 Ziggurat
» items
| Rod of Necromancy | 5 | |
| Sacrificial Skull | 1 | |
| Orb of Corruption | 1 | |
| Scroll of Town Portal | 3 | |
10 total
Polillon88 (
green | 44 APM | 903 actions | 20:37)
3 Death Knight
2 Death Coil
1 Unholy Aura
2 Pit Lord
1 Rain of Fire
1 Howl of Terror
» actions
| Assign group hotkey | 11 | |
| Build / train | 41 | |
| Enter build submenu | 14 | |
| Enter hero's abilities submenu | 6 | |
| Give item / drop item | 1 | |
| Remove unit from queue | 2 | |
| Right click | 254 | |
| Select / deselect | 179 | |
| Select group hotkey | 337 | |
| Use ability | 58 | |
903 total
» units
| Acolyte | 4 | |
| Ghoul | 4 | |
| Frost Wyrm | 6 | |
14 total
» upgrades
| Creature Carapace | 2 | |
| Creature Attack | 3 | |
| Freezing Breath | 1 | |
6 total
» buildings
| Crypt | 1 | |
| Altar of Darkness | 1 | |
| Ziggurat | 7 | |
| Graveyard | 1 | |
| Tomb of Relics | 1 | |
| Halls of the Dead | 1 | |
| Black Citadel | 1 | |
| Sacrificial Pit | 1 | |
| Boneyard | 2 | |
16 total
» build order
00:31 Crypt
00:34 Altar of Darkness
00:38 Ziggurat
00:59 Graveyard
01:44 Ziggurat
01:50 Tomb of Relics
02:54 Halls of the Dead
03:45 Ziggurat
05:19 Black Citadel
05:38 Sacrificial Pit
06:48 Ziggurat
06:49 Ziggurat
08:07 Boneyard
08:10 Boneyard
12:51 Ziggurat
12:51 Ziggurat
» items
| Rod of Necromancy | 2 | |
| Scroll of Town Portal | 2 | |
| Potion of Healing | 1 | |
| Sacrificial Skull | 1 | |
6 total

»
brasileiro_asa (
yellow | 100 APM | 2025 actions | 20:15)
3 Demon Hunter
1 Immolation
1 Evasion
1 Mana Burn
2 Firelord
1 Soul Burn
1 Summon Lava Spawn
» actions
| Assign group hotkey | 9 | |
| Basic commands | 408 | |
| Build / train | 59 | |
| ESC pressed | 1 | |
| Enter build submenu | 26 | |
| Enter hero's abilities submenu | 5 | |
| Give item / drop item | 2 | |
| Right click | 288 | |
| Select / deselect | 494 | |
| Select group hotkey | 667 | |
| Use ability | 66 | |
2025 total
» units
| Wisp | 18 | |
| Druid of the Claw | 6 | |
| Goblin Shredder | 1 | |
| Dryad | 5 | |
30 total
» upgrades
| Ultravision | 1 | |
| Druid of the Claw Training | 2 | |
| Nature's Blessing | 1 | |
| Well Spring | 1 | |
| Strength of the Wild | 2 | |
| Reinforced Hides | 2 | |
| Mark of the Claw | 1 | |
| Abolish Magic | 1 | |
11 total
» buildings
| Altar of Elders | 3 | |
| Moon Well | 8 | |
| Hunter's Hall | 1 | |
| Ancient Protector | 2 | |
| Tree of Ages | 1 | |
| Tree of Eternity | 1 | |
| Ancient of Lore | 2 | |
| Ancient of War | 1 | |
19 total
» build order
00:12 Altar of Elders
00:21 Moon Well
01:54 Hunter's Hall
02:13 Moon Well
03:00 Ancient Protector
03:03 Moon Well
03:48 Tree of Ages
04:03 Moon Well
04:20 Moon Well
04:47 Moon Well
05:02 Ancient Protector
06:38 Tree of Eternity
06:42 Ancient of Lore
07:21 Ancient of Lore
17:45 Altar of Elders
18:02 Moon Well
19:10 Altar of Elders
19:13 Moon Well
20:02 Ancient of War
» items
| Scroll of Regeneration | 1 | |
| Boots of Speed | 2 | |
| Dust of Appearance | 2 | |
| Scroll of Protection | 2 | |
| Scroll of Town Portal | 1 | |
8 total
Chat log
(00:13 / Allies) st1mul: ft taurens
(00:29 / Allies) OBAMA-BEST-PRES: from?
(00:31 / Allies) petit-lutin: aa or tank ?
(00:35 / Allies) GetBack: ty
(00:37 / Allies) GetBack: destroyers
(01:35 / Allies) st1mul: orange can i creep with you?
(01:57 / Allies) OBAMA-BEST-PRES: absolutely
(01:59 / Allies) OBAMA-BEST-PRES: not
(02:24 / Allies) GetBack: you can with me blue
(03:10 / Allies) st1mul: noob
(03:37 / Allies) OBAMA-BEST-PRES: who?
(03:44 / Allies) st1mul: 3 fr
(03:47 / Allies) st1mul: ftf*
(04:09 / Allies) st1mul: do scelet abd give me
(04:42 / Allies) st1mul: ?
(05:12 / Allies) st1mul: t3
(07:57 / Allies) GetBack: blue item
(08:15 / Allies) GetBack: ...
(08:53 / Allies) OBAMA-BEST-PRES: gold
(11:08 / Allies) st1mul: who aa?
(12:11 / Allies) st1mul: more aa
(13:35 / Allies) st1mul: more tanks purp
(13:47 / Allies) st1mul: more aa
(13:50 / Allies) st1mul: stop mana
(13:59 / Allies) OBAMA-BEST-PRES: wood
(14:37 / Allies) st1mul: aa ma
(14:39 / Allies) st1mul: mass
(14:59 / Allies) st1mul: tp all
(15:01 / Allies) st1mul: here
(15:03 / Allies) petit-lutin: k
(15:06 / Allies) st1mul: ]now
(16:18 / Allies) st1mul: gold psl
(16:27 / Allies) st1mul: for hero
(16:30 / Allies) st1mul: 100 psl
(16:41 / Allies) st1mul: ty
(16:52 / Allies) petit-lutin: np
(16:53 / Allies) st1mul: ty
(17:05 / Allies) st1mul: mb wait me?
(17:10 / Allies) st1mul: i have good melee
(19:58 / Allies) st1mul: ty
(20:19 / All) OBAMA-BEST-PRES: america #1